TOP OF THE 1ST |
Alaskan Humpbacks batting - Pitching for Hialeah Dodos : RHP Joseph Reed
|
Pitching: RHP Joseph Reed
|
|
Batting: RHB Steve Camp
|
0-0: Bunt missed! 0-1: Swinging Strike 0-2: Strikes out swinging
|
Batting: LHB Guomez Nabeiro
|
0-0: Ground out 4-3 (Groundball, 4)
|
Batting: SHB Charles Waller
|
0-0: Ball 1-0: Foul Ball, location: 2F 1-1: Ball 2-1: Ball 3-1: Ground out 4-3 (Groundball, 34)
|
Top of the 1st over - 0 run(s), 0 hit(s), 0 error(s), 0 left on base; Alaskan 0 - Hialeah 0 |
BOTTOM OF THE 1ST |
Hialeah Dodos batting - Pitching for Alaskan Humpbacks : LHP Jack King
|
Pitching: LHP Jack King
|
|
Batting: RHB Herman Cook
|
0-0: Ball 1-0: Foul Ball, location: 2F 1-1: Fly out, F4 (Popup, 4MD)
|
Batting: RHB Peter Baker
|
0-0: DOUBLE (Line Drive, 9M)
|
Batting: SHB Esteban Márquez
|
0-0: Called Strike 0-1: SINGLE (Groundball, 56D) Peter Baker to third
|
Batting: RHB Ramón Gómez
|
0-0: Foul Ball, location: 2F 0-1: Ball 1-1: Foul Ball, location: 2F 1-2: Foul Ball, location: 2F 1-2: Ball 2-2: Ball 3-2: Foul Ball, location: 2F 3-2: Grounds into double play, 5-4-3 (Groundball, 5)
|
Bottom of the 1st over - 0 run(s), 2 hit(s), 0 error(s), 1 left on base; Alaskan 0 - Hialeah 0 |
TOP OF THE 2ND |
Alaskan Humpbacks batting - Pitching for Hialeah Dodos : RHP Joseph Reed
|
Batting: RHB Jared Smith
|
0-0: Called Strike 0-1: Ball 1-1: Called Strike 1-2: Ball 2-2: Strikes out swinging
|
Batting: SHB Josef Koper
|
0-0: Ball 1-0: Foul Ball, location: 2F 1-1: Ball 2-1: Called Strike 2-2: Foul Ball, location: 2F 2-2: Ball 3-2: Base on Balls
|
Batting: LHB James Sorensen
|
0-0: Swinging Strike 0-1: Ball 1-1: Foul Ball, location: 2F 1-2: SINGLE (Line Drive, 5L) Josef Koper to second
|
Batting: RHB Troy Gine
|
0-0: Ball 1-0: Called Strike 1-1: Foul Ball, location: 2F 1-2: Ball 2-2: Ball 3-2: Strikes out swinging
|
Batting: RHB Orlando Jiménez
|
0-0: Called Strike 0-1: Ball 1-1: Foul Ball, location: 2F 1-2: Fly out, F7 (Flyball, 7M)
|
Top of the 2nd over - 0 run(s), 1 hit(s), 0 error(s), 2 left on base; Alaskan 0 - Hialeah 0 |
BOTTOM OF THE 2ND |
Hialeah Dodos batting - Pitching for Alaskan Humpbacks : LHP Jack King
|
Batting: LHB Craig Lovins
|
0-0: Ball 1-0: Ball 2-0: Called Strike 2-1: Foul Ball, location: 2F 2-2: Strikes out swinging
|
Batting: RHB José Bravo
|
0-0: Called Strike 0-1: Ball 1-1: Fly out, F2 (Popup, 2RF)
|
Batting: LHB Jeff Conklin
|
0-0: Called Strike 0-1: Foul Ball, location: 2F 0-2: Strikes out swinging
|
Bottom of the 2nd over - 0 run(s), 0 hit(s), 0 error(s), 0 left on base; Alaskan 0 - Hialeah 0 |
TOP OF THE 3RD |
Alaskan Humpbacks batting - Pitching for Hialeah Dodos : RHP Joseph Reed
|
Batting: RHB Héctor Villarreal
|
0-0: Foul Ball, location: 2F 0-1: Ball 1-1: Swinging Strike 1-2: Foul Ball, location: 2F 1-2: Foul Ball, location: 2F 1-2: Ball 2-2: SINGLE (Line Drive, 6MD)
|
Batting: RHB Steve Camp
|
0-0: Swinging Strike 0-1: Swinging Strike 0-2: Foul Ball, location: 2F 0-2: Ball 1-2: Ball 2-2: Strikes out swinging
|
Batting: LHB Guomez Nabeiro
|
0-0: Ball 1-0: Called Strike 1-1: Called Strike 1-2: Fly out, F8 (Flyball, 8RXD)
|
Batting: SHB Charles Waller
|
0-0: Ball 1-0: Ball 2-0: Fly out, F9 (Flyball, 9M)
|
Top of the 3rd over - 0 run(s), 1 hit(s), 0 error(s), 1 left on base; Alaskan 0 - Hialeah 0 |
BOTTOM OF THE 3RD |
Hialeah Dodos batting - Pitching for Alaskan Humpbacks : LHP Jack King
|
Batting: RHB Kelly Flint
|
0-0: Called Strike 0-1: Ground out 6-3 (Groundball, 6M)
|
Batting: LHB Álex Burgos
|
0-0: Ground out 1-3 (Groundball, 15S)
|
Batting: RHB Herman Cook
|
0-0: Ball 1-0: Ball 2-0: Fly out, F8 (Flyball, 89S)
|
Bottom of the 3rd over - 0 run(s), 0 hit(s), 0 error(s), 0 left on base; Alaskan 0 - Hialeah 0 |
TOP OF THE 4TH |
Alaskan Humpbacks batting - Pitching for Hialeah Dodos : RHP Joseph Reed
|
Batting: RHB Jared Smith
|
0-0: Ball 1-0: Called Strike 1-1: Ball 2-1: Called Strike 2-2: Strikes out swinging
|
Batting: SHB Josef Koper
|
0-0: Foul Ball, location: 2F 0-1: Ball 1-1: Fly out, F9 (Line Drive, 89M)
|
Now in RF: Albert González
|
|
Batting: LHB James Sorensen
|
0-0: Foul Ball, location: 2F 0-1: Ball 1-1: Ball 2-1: Foul Ball, location: 2F 2-2: SINGLE (Line Drive, 56D)
|
Batting: RHB Troy Gine
|
0-0: Called Strike 0-1: Foul Ball, location: 2F 0-2: Foul Ball, location: 2F 0-2: Foul Ball, location: 2F 0-2: Fly out, F8 (Line Drive, 8LXD)
|
Top of the 4th over - 0 run(s), 1 hit(s), 0 error(s), 1 left on base; Alaskan 0 - Hialeah 0 |
BOTTOM OF THE 4TH |
Hialeah Dodos batting - Pitching for Alaskan Humpbacks : LHP Jack King
|
Batting: RHB Peter Baker
|
0-0: Called Strike 0-1: Swinging Strike 0-2: Ball 1-2: Fly out, F7 (Flyball, 7LS)
|
Batting: LHB Albert González
|
0-0: Ball 1-0: Ball 2-0: Called Strike 2-1: TRIPLE (Groundball, 3L)
|
Batting: RHB Ramón Gómez
|
0-0: Reached on error, E6 (Groundball, 6) Albert González scores
|
Batting: LHB Craig Lovins
|
0-0: Foul Ball, location: 2F 0-1: Fly out, F7 (Flyball, 7M)
|
Batting: RHB José Bravo
|
0-0: Called Strike 0-1: Swinging Strike 0-2: Strikes out swinging
|
Bottom of the 4th over - 1 run(s), 1 hit(s), 1 error(s), 1 left on base; Alaskan 0 - Hialeah 1 |
TOP OF THE 5TH |
Alaskan Humpbacks batting - Pitching for Hialeah Dodos : RHP Joseph Reed
|
Batting: RHB Orlando Jiménez
|
0-0: Ball 1-0: Called Strike 1-1: Swinging Strike 1-2: Foul Ball, location: 2F 1-2: Strikes out swinging
|
Batting: RHB Héctor Villarreal
|
0-0: Ball 1-0: Fly out, F7 (Flyball, 78S)
|
Batting: RHB Steve Camp
|
0-0: Called Strike 0-1: Foul Ball, location: 2F 0-2: Ball 1-2: Foul Ball, location: 2F 1-2: SINGLE (Groundball, 4M)
|
Batting: LHB Guomez Nabeiro
|
0-0: Called Strike 0-1: Ball 1-1: Ball 2-1: Ground out U3 (Groundball, 3)
|
Top of the 5th over - 0 run(s), 1 hit(s), 0 error(s), 1 left on base; Alaskan 0 - Hialeah 1 |
BOTTOM OF THE 5TH |
Hialeah Dodos batting - Pitching for Alaskan Humpbacks : LHP Jack King
|
Batting: LHB Jeff Conklin
|
0-0: Ball 1-0: Called Strike 1-1: Ball 2-1: Foul Ball, location: 2F 2-2: SINGLE (Flyball, 7S)
|
Batting: RHB Kelly Flint
|
0-0: Ball 1-0: Bunted foul 1-1: Ball 2-1: Sac Bunt - play at first, batter OUT! 1-4 Jeff Conklin to second
|
Batting: LHB Álex Burgos
|
0-0: Called Strike 0-1: Ball 1-1: Ground out 1-3 (Groundball, 13S) Jeff Conklin to third
|
Batting: RHB Herman Cook
|
0-0: Ball 1-0: Foul Ball, location: 2F 1-1: Foul Ball, location: 2F 1-2: Ball 2-2: Fly out, F9 (Flyball, 89M)
|
Bottom of the 5th over - 0 run(s), 1 hit(s), 0 error(s), 1 left on base; Alaskan 0 - Hialeah 1 |
TOP OF THE 6TH |
Alaskan Humpbacks batting - Pitching for Hialeah Dodos : RHP Joseph Reed
|
Batting: SHB Charles Waller
|
0-0: Swinging Strike 0-1: Swinging Strike 0-2: Strikes out looking
|
Batting: RHB Jared Smith
|
0-0: Ball 1-0: Foul Ball, location: 2F 1-1: Ground out 4-3 (Groundball, 4M)
|
Batting: SHB Josef Koper
|
0-0: Called Strike 0-1: Fly out, F8 (Flyball, 8LM)
|
Top of the 6th over - 0 run(s), 0 hit(s), 0 error(s), 0 left on base; Alaskan 0 - Hialeah 1 |
BOTTOM OF THE 6TH |
Hialeah Dodos batting - Pitching for Alaskan Humpbacks : LHP Jack King
|
Batting: RHB Peter Baker
|
0-0: Ball 1-0: Called Strike 1-1: Foul Ball, location: 2F 1-2: Fly out, F9 (Flyball, 9S)
|
Batting: LHB Albert González
|
0-0: Called Strike 0-1: Foul Ball, location: 2F 0-2: Ball 1-2: Foul Ball, location: 2F 1-2: Strikes out swinging
|
Batting: RHB Ramón Gómez
|
0-0: Ball 1-0: Ball 2-0: Called Strike 2-1: Called Strike 2-2: SINGLE (Groundball, 13) (infield hit)
|
Batting: LHB Craig Lovins
|
0-0: Called Strike 0-1: Ball 1-1: Called Strike 1-2: Foul Ball, location: 2F 1-2: DOUBLE (Line Drive, 78M) Ramón Gómez to third
|
Batting: RHB José Bravo
|
0-0: Fly out, F8 (Flyball, 8LD)
|
Bottom of the 6th over - 0 run(s), 2 hit(s), 0 error(s), 2 left on base; Alaskan 0 - Hialeah 1 |
TOP OF THE 7TH |
Alaskan Humpbacks batting - Pitching for Hialeah Dodos : RHP Joseph Reed
|
Batting: LHB James Sorensen
|
0-0: Foul Ball, location: 2F 0-1: Foul Ball, location: 2F 0-2: Ball 1-2: Ball 2-2: Ball 3-2: Strikes out swinging
|
Batting: RHB Troy Gine
|
0-0: Ball 1-0: Called Strike 1-1: Ball 2-1: SINGLE (Groundball, 56)
|
Batting: RHB Orlando Jiménez
|
0-0: Called Strike 0-1: Ball 1-1: Ball 2-1: Fly out, F9 (Flyball, 89M)
|
Batting: RHB Héctor Villarreal
|
0-0: SINGLE (Groundball, 4M) Troy Gine to second
|
Batting: RHB Steve Camp
|
0-0: Ball 1-0: Ground out 1-3 (Groundball, 13)
|
Top of the 7th over - 0 run(s), 2 hit(s), 0 error(s), 2 left on base; Alaskan 0 - Hialeah 1 |
BOTTOM OF THE 7TH |
Hialeah Dodos batting - Pitching for Alaskan Humpbacks : LHP Jack King
|
Batting: LHB Jeff Conklin
|
0-0: Foul Ball, location: 2F 0-1: Called Strike 0-2: Ball 1-2: Ball 2-2: Ball 3-2: Foul Ball, location: 2F 3-2: Base on Balls
|
Batting: RHB Kelly Flint
|
0-0: Called Strike 0-1: Ball 1-1: Sac Bunt - play at first, batter OUT! 1-4 Jeff Conklin to second
|
Batting: LHB Álex Burgos
|
0-0: Called Strike 0-1: Swinging Strike 0-2: Strikes out swinging
|
Batting: RHB Herman Cook
|
0-0: Foul Ball, location: 2F 0-1: Swinging Strike 0-2: Ball 1-2: Ground out 6-3 (Groundball, 6)
|
Bottom of the 7th over - 0 run(s), 0 hit(s), 0 error(s), 1 left on base; Alaskan 0 - Hialeah 1 |
TOP OF THE 8TH |
Alaskan Humpbacks batting - Pitching for Hialeah Dodos : RHP Joseph Reed
|
Now at SS: Scott Miller
|
|
Batting: LHB Guomez Nabeiro
|
0-0: Swinging Strike 0-1: Foul Ball, location: 2F 0-2: Ball 1-2: Ground out 3-1 (Groundball, 34)
|
Batting: SHB Charles Waller
|
0-0: Ball 1-0: Ball 2-0: Foul Ball, location: 2F 2-1: Fly out, F5 (Popup, 25)
|
Batting: RHB Jared Smith
|
0-0: Ball 1-0: Ground out 5-3 (Groundball, 5)
|
Top of the 8th over - 0 run(s), 0 hit(s), 0 error(s), 0 left on base; Alaskan 0 - Hialeah 1 |
BOTTOM OF THE 8TH |
Hialeah Dodos batting - Pitching for Alaskan Humpbacks : LHP Jack King
|
Batting: RHB Peter Baker
|
0-0: Ball 1-0: SINGLE (Line Drive, 4M)
|
Pinch Hitting: RHB Jim Unknown
|
0-0: Ball 1-0: Called Strike 1-1: Swinging Strike 1-2: Ball 2-2: Strikes out swinging
|
Batting: RHB Ramón Gómez
|
0-0: Called Strike 0-1: Foul Ball, location: 2F 0-2: Ball 1-2: Strikes out swinging
|
Pinch Hitting: RHB Luis Sáenz
|
0-0: Ball Peter Baker steals 2nd base 1-0: Foul Ball, location: 2F 1-1: Foul Ball, location: 2F 1-2: SINGLE (Line Drive, 56D) Peter Baker to third Runner from 3rd tries for Home, SAFE, throw made home
|
Pitching: LHP Jim Unknown
|
|
Batting: RHB José Bravo
|
0-0: Ball 1-0: Called Strike 1-1: Called Strike 1-2: Strikes out swinging
|
Bottom of the 8th over - 1 run(s), 2 hit(s), 0 error(s), 1 left on base; Alaskan 0 - Hialeah 2 |
TOP OF THE 9TH |
Alaskan Humpbacks batting - Pitching for Hialeah Dodos : RHP Joseph Reed
|
Now at 1B: Luis Sáenz
|
|
Now in LF: Jim Unknown
|
|
Batting: SHB Josef Koper
|
0-0: Ball 1-0: Swinging Strike 1-1: Swinging Strike 1-2: Ball 2-2: Strikes out swinging
|
Batting: LHB James Sorensen
|
0-0: Foul Ball, location: 2F 0-1: Swinging Strike 0-2: Ball 1-2: Strikes out swinging
|
Pitching: RHP Kelly Hyde
|
|
Batting: RHB Troy Gine
|
0-0: Called Strike 0-1: Ball 1-1: Foul Ball, location: 2F 1-2: Ball 2-2: Ball 3-2: SINGLE (Groundball, 3S)
|
Batting: RHB Orlando Jiménez
|
0-0: Ball 1-0: Swinging Strike 1-1: Ball 2-1: SINGLE (Line Drive, 56) Troy Gine to second
|
Pinch Hitting: RHB Jim Unknown
|
0-0: Called Strike 0-1: Ball 1-1: Ball 2-1: SINGLE (Flyball, 8LS) Troy Gine to third Orlando Jiménez to second
|
Batting: RHB Steve Camp
|
0-0: Called Strike 0-1: Foul Ball, location: 2F 0-2: Ball 1-2: Ball 2-2: Strikes out swinging
|
Top of the 9th over - 0 run(s), 3 hit(s), 0 error(s), 3 left on base; Alaskan 0 - Hialeah 2 |
|